 Dungeon Crawl Stone Soup version 0.19-a0-1168-g98094fc (webtiles) character file.

147 amanita the Slasher (level 5, 0/26 HPs)
             Began as a Vine Stalker Gladiator on Aug 15, 2016.
             Succumbed to a worker ant's poison
             ... on level 5 of the Dungeon.
             The game lasted 00:08:40 (517 turns).

amanita the Slasher (Vine Stalker Gladiator)         Turns: 517, Time: 00:08:40

Health: 0/26       AC: 11    Str: 18    XL:     5   Next: 29%
Magic:  0/6        EV:  6    Int:  8    God:
Gold:   26         SH:  0    Dex: 15    Spells: 0 memorised, 4 levels left

rFire  . . .     SeeInvis .     j - -3 falchion (curse)
rCold  . . .     Gourm    .     i - +0 plate armour
rNeg   . . .     Faith    .     (no shield)
rPois  .         Spirit   +     c - +0 helmet
rElec  .         Dismiss  .     (no cloak)
rCorr  .         Reflect  .     (no gloves)
MR     .....     Harm     .     (no boots)
Stlth  ..........               (no amulet)
                                (no ring)
                                S - ring of stealth

@: lethally poisoned (0 -> -3)
A: fangs 2, regeneration 1, magic shield, antimagic bite, no device heal 3, rot
immunity
a: no special abilities


You were on level 5 of the Dungeon.
You were not hungry.

You visited 1 branch of the dungeon, and saw 5 of its levels.

You collected 26 gold pieces.

Inventory:

Hand Weapons
 a - a +0 long sword
 j - a cursed -3 falchion (weapon)
Missiles
 h - 2 javelins (quivered)
Armour
 b - a +0 leather armour
 c - a +0 helmet (worn)
 i - a +0 plate armour (worn)
Jewellery
 S - a ring of stealth (left hand)
Potions
 e - a potion of curing
 g - a potion of ambrosia {unknown}
Comestibles
 f - 2 bread rations


   Skills:
 - Level 1.7 Fighting
 + Level 5.3 Long Blades
 - Level 1.7 Throwing
 - Level 2.4 Dodging


You had 4 spell levels left.
You didn't know any spells.

Dungeon Overview and Level Annotations

Branches:
Dungeon (5/15)
 Temple: D:4-7

Altars:

Shops:
D:4 }


Innate Abilities, Weirdness & Mutations

You have extremely sharp teeth.
Your natural rate of healing is unusually fast.
When hurt, damage is shared between your health and your magic reserves.
Your bite disrupts and absorbs the magic of your enemies.
Potions and wands cannot restore your health.
You are immune to rotting.


Message History

You hit the worker ant but do no damage.
The worker ant is severely wounded.
The crimson imp shouts, "Take thy face hence, thou defiled half-faced gonus!"
The crimson imp barely misses you. The worker ant bites you.
You are lethally poisoned!
The worker ant poisons you!
Unknown command.
Your plate armour prevents you from hitting the worker ant.
You bite the worker ant, but do no damage.
The worker ant is severely wounded.
* * * LOW HITPOINT WARNING * * *
You feel sick.
The worker ant bites you but does no damage.
The crimson imp falters for a moment.
The worker ant bites you.
* * * LOW HITPOINT WARNING * * *
The crimson imp hits you but does no damage.
You hit the worker ant but do no damage.
You bite the worker ant, but do no damage.
The worker ant is severely wounded.
You die...

. #....# #.# .
#.#..#######.# ###### .
#†#..........##.....##
.##.#.>........#........
..#.#..........#......#
#.#.#..........#....<.+
...[#.....####.#.(.<..##
#.###.....# #.#a......#
..# #.....# #.#@# ###
#.....# #.#5# .## #.#.#
#.#.# #.#.#######
#.#.......#
###.#######.# #....# #.#
#....# #.#


You could see a worker ant and a crimson imp.

Vanquished Creatures
  A howler monkey (D:5)
  2 hounds
  A worker ant (D:4)
  An adder (D:5)
  An adder zombie (D:5)
  An adder skeleton (D:5)
  A dart slug (D:3)
  A giant gecko (D:5)
  2 giant cockroaches
  A hobgoblin (D:2)
  A giant newt (D:3)
  A kobold (D:2)
14 creatures vanquished.

Notes
Turn   | Place    | Note
-------+----------+-------------------------------------------
     0 | D:1      | amanita the Vine Stalker Gladiator began the quest for the Orb.
     0 | D:1      | Reached XP level 1. HP: 11/11 MP: 2/2
   105 | D:3      | Reached skill level 3 in Long Blades
   137 | D:3      | Reached XP level 2. HP: 15/15 MP: 3/3
   252 | D:4      | Reached XP level 3. HP: 16/18 MP: 4/4
   258 | D:4      | Found Deetseb's Gadget Shop.
   310 | D:4      | Reached skill level 4 in Long Blades
   310 | D:4      | Reached XP level 4. HP: 18/23 MP: 3/5
   377 | D:5      | Entered Level 5 of the Dungeon
   417 | D:5      | Reached skill level 5 in Long Blades
   417 | D:5      | Reached XP level 5. HP: 21/26 MP: 6/6
   516 | D:5      | HP: 1/26 [worker ant (1)]
   517 | D:5      | Succumbed to a worker ant's poison

Vault maps used:
D:1:      dpeg_arrival_windows_large_door, minmay_pentomino_w2
D:2:      serial_glass, glass_columns_a, glass_columns_a, glass_columns_b,
          glass_columns_a, glass_columns_a, glass_columns_b, glass_columns_a,
          glass_columns_b, kennysheep_generic_room_11, uniq_natasha,
          uniq_jessica
D:3:      first_bread, portal_sewer_entry_e, uniq_grinder
D:4:      serial_shops, nicolae_shop_competitors_out_of_business
D:5:      kennysheep_slug_shrine

Skill      XL: |  1  2  3  4 |
---------------+-------------+-----
Long Blades    | 3 4 5 |  5.3
Fighting       | |  1.7
Throwing       | |  1.7
Dodging        | |  2.4

Action                   |  1- 3 |  4- 6 || total
-------------------------+-------+-------++-------
Melee: Long sword        |     7 |       ||     7
       Bite              |    14 |    33 ||    47
       Falchion          |    41 |    81 ||   122
Throw: Throwing net      |     1 |     2 ||     3
  Use: Scroll            |     4 |     1 ||     5
       Potion            |       |     1 ||     1
 Stab: Sleeping          |     1 |       ||     1
       Held in net/web   |     1 |     2 ||     3
Armor: Leather armour    |     2 |       ||     2
       Plate armour      |    26 |    43 ||    69
Dodge: Dodged            |    15 |    21 ||    36
